 Dungeon Crawl Stone Soup version 0.25.0-33-gff14898491 (webtiles) character file.

Game seed: 3750124179532064873

75 Delamore the Skirmisher (level 4, -1/30 HPs)
             Began as a Gargoyle Fighter on July 7, 2020.
             Slain by an ogre
             ... wielding a +0 giant club
              (12 damage)
             ... on level 4 of the Dungeon.
             The game lasted 00:02:07 (1798 turns).

Delamore the Skirmisher (Gargoyle Fighter)          Turns: 1798, Time: 00:02:07

Health: -1/30      AC: 10    Str: 21    XL:     4   Next: 31%
Magic:  4/4        EV:  7    Int:  8    God:
Gold:   54         SH:  9    Dex:  9    Spells: 3/3 levels left

rFire    . . .     SeeInvis .   a - +0 flail
rCold    . . .     Gourm    .   c - +0 kite shield
rNeg     + . .     Faith    .   b - +0 scale mail
rPois    ∞         Spirit   .   (no helmet)
rElec    +         Reflect  .   (no cloak)
rCorr    .         Harm     .   (no gloves)
MR       .....                  (no boots)
Stlth    ..........             (no amulet)
HPRegen  0.10/turn              (no ring)
MPRegen  0.09/turn              (no ring)

@: no status effects
A: negative energy resistance 1, electricity resistance, unbreathing,
petrification resistance, rot immunity, AC +3
a: no special abilities


You were on level 4 of the Dungeon.
You were not hungry.

You visited 1 branch of the dungeon, and saw 4 of its levels.

You collected 54 gold pieces.

Inventory:

Hand Weapons
 a - a +0 flail (weapon)
Missiles
 h - 6 javelins (quivered)
 t - 5 curare-tipped darts
Armour
 b - a +0 scale mail (worn)
 c - a +0 kite shield (worn)
Jewellery
 q - an uncursed amulet of regeneration {unknown}
Scrolls
 k - 2 scrolls of remove curse {unknown}
 n - 2 scrolls of magic mapping {unknown}
 p - 2 scrolls of identify {unknown}
 s - a scroll of fog {unknown}
Potions
 d - 2 potions of might
 e - a potion of brilliance {unknown}
 g - 2 potions of flight {unknown}
 i - a potion of stabbing {unknown}
 j - 2 potions of curing {unknown}
 m - a potion of magic {unknown}
 o - 2 potions of heal wounds {unknown}
 r - a potion of haste {unknown}
Comestibles
 f - 6 rations
 l - 6 chunks of flesh


   Skills:
 + Level 4.4 Fighting
 + Level 3.5 Maces & Flails
 - Level 3.2 Armour
 - Level 3.2 Shields


You had 3 spell levels left.
You didn't know any spells.
Your spell library was empty.

Dungeon Overview and Level Annotations

Branches:
Dungeon (3/15)

Altars:
Ashenzari
The Shining One


Innate Abilities, Weirdness & Mutations

You are resistant to torment.
Your stone body is resilient. (AC +3)
You are immune to poison.
You resist negative energy. (rN+)
You are resistant to electric shocks. (rElec)
You can survive without breathing.
You are immune to petrification.
You are immune to rotting.


Message History

You have reached level 4!
You feel stronger.
There is an open door, spattered with blood here.
You see here an iguana corpse.
You butcher the iguana corpse.
l - 6 chunks of flesh (gained 1)
There is an open door, spattered with blood here.
You see here an iguana skeleton.
You start resting.
You hear the slow hiss of a distant avalanche of sand.
As you open the door, it creaks loudly!
An adder and an ogre come into view.
The ogre shouts!
The adder hisses angrily.
You hit the ogre.
The ogre is moderately wounded.
The ogre barely misses you.
You sock the ogre!
The ogre is severely wounded.
The ogre hits you with a +0 giant club!
You die...

## # .. ##
#. .# + .#
.. . #. .#
#.#. .##.#
.g# .S.
####O# #..@#
#...# #...##
#÷####
#.)'[#
......#..###
[#########


You could see an ogre and an adder.

Vanquished Creatures
  An iguana (D:4)
  2 adders (D:2)
  An orc (D:4)
  2 giant cockroaches
  4 goblins
  3 hobgoblins
  6 jackals
  A quokka (D:2)
  A ball python (D:3)
  2 frilled lizards
  4 kobolds (D:1)
  3 rats
30 creatures vanquished.

Notes
Turn   | Place    | Note
-------+----------+-------------------------------------------
     0 | D:1      | Delamore the Gargoyle Fighter began the quest for the Orb.
     0 | D:1      | Reached XP level 1. HP: 14/14 MP: 1/1
   180 | D:1      | Reached XP level 2. HP: 20/20 MP: 2/2
   827 | D:2      | Reached skill level 4 in Fighting
   827 | D:2      | Reached XP level 3. HP: 11/24 MP: 3/3
  1201 | D:2      | Found a shattered altar of Ashenzari.
  1747 | D:3      | Found a glowing golden altar of the Shining One.
  1747 | D:3      | You fall into a shaft and drop 1 floor!
  1772 | D:4      | Reached XP level 4. HP: 8/30 MP: 4/4
  1796 | D:4      | Noticed an ogre
  1798 | D:4      | Slain by an ogre

Illustrated notes

Levels and vault maps discovered:
D:1:      dpeg_arrival_connections, layout_loops_corners
D:2:      layout_loops_corners, lemuel_doored_altar, first_ration
D:3:      layout_basic, overflow_temple_1_default,
          grunt_temple_overflow_opulence, kennysheep_decorative_pillar,
          hangedman_feature_mirror
D:4:      minmay_clustersquares, layout_basic, okawaru_gym_becter,
          gup_ossuary_entry_pyramid, uniq_grinder

Skill      XL: |  1  2  3 |
---------------+----------+-----
Fighting       | 4 |  4.4
Maces & Flails | 3 |  3.5
Armour         | |  3.2
Shields        | |  3.2

Action                   |  1- 3 |  4- 6 || total
-------------------------+-------+-------++-------
Melee: Flail             |   127 |     2 ||   129
  Eat: Chunk             |     3 |       ||     3
Armor: Scale mail        |    56 |       ||    56
Dodge: Dodged            |    30 |     1 ||    31
Block: Kite shield       |    71 |       ||    71
